 Dungeon Crawl Stone Soup version 0.14-a0-1576-gf4c5cb9 (webtiles) character file.

861 M4edhros the Insei (level 7, -1/43 HPs)
             Began as an Octopode Transmuter on Dec 22, 2013.
             Was a Plaything of Xom.
             Slain by Grinder (3 damage)
             ... on Level 6 of the Dungeon.
             The game lasted 00:10:54 (5814 turns).

M4edhros the Insei (Octopode Transmuter)            Turns: 5814, Time: 00:10:55

HP  -1/43        AC  6     Str 10      XL: 7   Next: 55%
MP   4/12        EV 14     Int 22      God: Xom
Gold 203         SH  0     Dex 12      Spells:  3 memorised,  4 levels left

rFire  + . .     SeeInvis .     n - +0,+2 flail (protect)
rCold  x . .     Clarity  .     (no shield)
rNeg   . . .     Conserve .     j - +0 cap
rPois  .         rCorr    .     (no amulet)
rElec  .         rRot     .     l - ring of fire
SustAb . .       Spirit   .     (no ring)
rMut   .         Warding  .     (no ring)
Saprov . . .     Stasis   .     (no ring)
                                (no ring)
                                (no ring)
                                (no ring)
                                (no ring)

@: brilliant, slightly resistant to hostile enchantments, fairly stealthy
A: almost no armour, amphibious, 8 rings, constrict 8, camouflage 1, gelatinous
body 1
a: Renounce Religion


You were on level 6 of the Dungeon.
You worshipped Xom.
You were a toy of Xom.
You were near starving.

You visited 2 branches of the dungeon, and saw 7 of its levels.

You collected 203 gold pieces.

Inventory:

Hand weapons
 n - a +0,+2 flail of protection (weapon)
Missiles
 b - 5 arrows
 q - 5 javelins (quivered)
Armour
 j - a +0 cap (worn)
Comestibles
 c - 2 bread rations
Scrolls
 e - 3 scrolls of remove curse
 h - 7 scrolls of identify {unknown}
 m - 2 scrolls of fear
 o - a scroll of amnesia {unknown}
 s - a scroll of enchant armour {unknown}
Jewellery
 a - an uncursed ring of teleportation
 f - an uncursed ring of ice
 l - a ring of fire (left tentacle)
 t - a -2 ring of strength
Potions
 i - 2 potions of restore abilities
 k - a potion of might
 r - 5 potions of heal wounds
Books
 d - a book of Changes

   Spells                             Type                      Level
   *Beastly Appendage                 Transmutation                1
   *Sticks to Snakes                  Transmutation                2
   *Spider Form                       Transmutation/Poison         3
   Ice Form                           Ice/Transmutation            4
   Blade Hands                        Transmutation                5


   Skills:
 - Level 1.0 Fighting
 + Level 5.1 Dodging
 + Level 5.5 Unarmed Combat
 - Level 2.0 Spellcasting
 + Level 4.6 Transmutations


You had 4 spell levels left.
You knew the following spells:

 Your Spells              Type           Power        Failure   Level  Hunger
a - Beastly Appendage     Trmt           #####.       1%          1    #......
b - Sticks to Snakes      Trmt           #####.....   1%          2    ##.....
c - Spider Form           Trmt/Pois      ####......   2%          3    ###....


Dungeon Overview and Level Annotations

Branches:
Dungeon (6/16)             Temple (1/1) D:4

Altars:
Ashenzari
Cheibriados
Fedhas
Kikubaaqudgha
Nemelex Xobeh
Okawaru
Sif Muna
Trog
Xom
Yredelemnul
the Shining One

Annotations:
D:6 Grinder


Innate Abilities, Weirdness & Mutations

You cannot wear most types of armour.
You are amphibious.
You can wear up to eight rings at the same time.*
You can use your tentacles to constrict many enemies at once.*
Your skin changes colour to match your surroundings (Stlth).*
Your rubbery body absorbs attacks (AC +1).*


Message History

Your adder bites Grinder but does no damage.
Grinder hits you.
You writhe in agony.
Your ball python bites Grinder but does no damage.
Your ball python constricts Grinder.
Your adder bites Grinder.
You hit Grinder. You tentacle-slap Grinder.
Grinder is almost dead.
Grinder gestures.
Grinder struggles to blink free from constriction.
Your adder bites Grinder but does no damage.
Your ball python bites Grinder but does no damage.
Your ball python constricts Grinder.
Grinder hits your adder!
Your adder writhes in agony.
Your adder dies!
You barely miss Grinder.
Grinder is almost dead.
Your ball python bites Grinder.
Your ball python constricts Grinder.
Grinder hits you!
* * * LOW HITPOINT WARNING * * *
You writhe in agony.
You die...

#.....# #.....#
#.....# #(....#
#######.....#
#...........#
#...###.....#
#...# #.#####
#...###@#######
#.......5.......
#...###S#######
#...# #.# #...#
#.# ##### #.#
#.# #.# #.#


You could see Grinder and a friendly ball python.

Vanquished Creatures
  A sky beast (D:5)
  An ogre (D:5)
  A crimson imp (D:4)
  2 scorpions (D:4)
  A hound (D:4)
  An iguana (D:5)
  3 orc wizards (D:5)
  3 worker ants
  Terence (D:3)
  A hound skeleton (D:5)
  6 adders
  A worm (D:5)
  3 giant geckos
  An ooze (D:3)
  17 orcs
  10 bats
  3 giant cockroaches
  5 goblins
  6 hobgoblins
  4 jackals (D:1)
  A quokka (D:4)
  A giant cockroach zombie (D:5)
  6 giant newts
  A jackal zombie (D:5)
  6 kobolds
  A kobold skeleton (D:5)
  An orc skeleton (D:4)
  15 rats
103 creatures vanquished.

Vanquished Creatures (others)
  The ghost of ahoge the Cudgeler, an average MiBe of Trog (D:3)
  An adder (D:3)
2 creatures vanquished.

Grand Total: 105 creatures vanquished

Notes
Turn   | Place    | Note
--------------------------------------------------------------
     0 | D:1      | M4edhros, the Octopode Transmuter, began the quest for the Orb.
     0 | D:1      | Reached XP level 1. HP: 13/13 MP: 3/3
   270 | D:1      | Reached XP level 2. HP: 15/18 MP: 4/4
  1152 | D:2      | Reached XP level 3. HP: 12/23 MP: 6/6
  1265 | D:2      | Learned a level 2 spell: Sticks to Snakes
  1269 | D:2      | Learned a level 3 spell: Spider Form
  1470 | D:2      | HP: 1/23 [poisoned by an adder]
  1668 | D:2      | Reached XP level 4. HP: 23/28 MP: 7/7
  2269 | D:3      | Noticed ahoge's ghost (average MiBe)
  2862 | D:3      | Reached skill level 4 in Unarmed Combat
  3011 | D:3      | Noticed Terence
  3040 | D:3      | Killed Terence
  3040 | D:3      | Reached XP level 5. HP: 8/33 MP: 0/9
  3143 | D:3      | Killed ahoge's ghost
  3868 | D:4      | Reached XP level 6. HP: 21/38 MP: 8/10
  4322 | D:4      | Found a staircase to the Ecumenical Temple.
  4333 | Temple   | Entered the Ecumenical Temple
  4426 | D:5      | Entered Level 5 of the Dungeon
  4701 | D:5      | Found an ancient bone altar of Kikubaaqudgha.
  4752 | D:5      | Reached skill level 5 in Unarmed Combat
  4878 | D:5      | Reached XP level 7. HP: 14/43 MP: 9/12
  5243 | D:5      | Found a shimmering altar of Xom.
  5291 | D:5      | Found a snail-covered altar of Cheibriados.
  5326 | D:5      | Became a worshipper of Xom of Chaos
  5534 | D:5      | XOM: divination: detect creatures
  5627 | D:5      | Reached skill level 5 in Dodging
  5641 | D:5      | Found a bloodstained altar of Trog.
  5647 | D:5      | Found a basalt altar of Yredelemnul.
  5710 | D:6      | Noticed Grinder
  5812 | D:6      | XOM: potion effect (brilliance)
  5814 | D:6      | HP: 2/43 [Grinder (13)]
  5814 | D:6      | Slain by Grinder

Action                   |  1- 3 |  4- 6 |  7- 9 || total
-------------------------+-------+-------+-------++-------
Melee: Unarmed           |    95 |   139 |    40 ||   274
       Flail             |       |    36 |     7 ||    43
 Cast: Beastly Appendage |       |    11 |       ||    11
       Spider Form       |       |     8 |     3 ||    11
       Sticks to Snakes  |       |       |     5 ||     5
  Use: Potion            |     5 |     5 |       ||    10
       Scroll            |       |    13 |       ||    13
 Stab: Sleeping          |     3 |     3 |       ||     6
